[Event "Kragero Resort Chess A 2019"]
[Site "Kragero"]
[Date "2019.02.21"]
[Round "2.28"]
[White "Kreken, Eivind Grunt"]
[Black "Saltvedt, Martin"]
[Result "0-1"]
[ECO "B36"]
[WhiteElo "1887"]
[BlackElo "2095"]
[Annotator "NA"]
[PlyCount "110"]
[EventDate "2019.02.20"]
[EventType "swiss"]
[EventCountry "NOR"]
[SourceTitle "playchess.com"]
[Source "ChessBase"]
[SourceQuality "1"]
[TimeControl "5400+30"]

1. e4 c5 2. Nf3 Nc6 3. d4 cxd4 4. Nxd4 g6 5. c4 Nf6 6. Nc3 Nxd4 7. Qxd4 Bg7 8. Be2 O-O 9. Qd1 d6 10. Be3 a5 11. O-O Be6 12. f3 Nd7 13. Nd5 Nc5 14. Bd4 Bxd5 15. Bxg7 Kxg7 16. cxd5 e5 17. dxe6 fxe6 18. Qd2 Qb6 19. Kh1 Rad8 20. b4 Qxb4 21. Qxb4 axb4 22. Rab1 Ra8 23. Bc4 Ra4 24. Rfd1 Rd8 25. Bb3 Nxb3 26. axb3 Ra6 27. Rd4 Rb6 28. Kg1 Rc8 29. Rbd1 Rcc6 30. Kf2 Kf6 31. Ke3 Rc3+ 32. R1d3 Rxd3+ 33. Kxd3 Ke5 34. Ke3 g5 35. g3 Kf6 36. Kd3 h5 37. Ke3 Ke7 38. f4 gxf4+ 39. gxf4 Rb5 40. Kf3 e5 41. fxe5 dxe5 42. Rc4 Kd6 43. Kg3 Rc5 44. Rxb4 b5 45. Kh4 Kc6 46. Kxh5 Rc2 47. h4 Kc5 48. Rxb5+ Kxb5 49. Kg6 Kc5 50. h5 Kd4 51. h6 Kxe4 52. h7 Rh2 53. Kg7 Kd5 54. h8=Q Rxh8 55. Kxh8 e4 0-1

[Event "Kragero Resort Chess A 2019"]
[Site "Kragero"]
[Date "2019.02.21"]
[Round "2.29"]
[White "Kizatbay, Abyl"]
[Black "Albzour, Abdalsalam"]
[Result "1-0"]
[ECO "B13"]
[WhiteElo "2084"]
[BlackElo "1869"]
[Annotator "NA"]
[PlyCount "127"]
[EventDate "2019.02.20"]
[EventType "swiss"]
[EventCountry "NOR"]
[SourceTitle "playchess.com"]
[Source "ChessBase"]
[SourceQuality "1"]
[TimeControl "5400+30"]

1. e4 c6 2. d4 d5 3. exd5 cxd5 4. Bd3 Nc6 5. c3 Nf6 6. Bf4 e6 7. Nf3 Bd6 8. Bxd6 Qxd6 9. O-O O-O 10. Nbd2 Bd7 11. Re1 Rfe8 12. Ne5 Rad8 13. g4 h6 14. h4 Qe7 15. Qf3 Rf8 16. Qh3 Nh7 17. Ndf3 Qf6 18. Re3 g6 19. Kg2 Ne7 20. Rh1 Qg7 21. Kf1 Bc8 22. g5 h5 23. Rg1 Nf5 24. Re2 a6 25. Ne1 Rfe8 26. Ng2 Nf8 27. Nf4 Nd7 28. Bxf5 exf5 29. Nxd5 Re6 30. Nxd7 Bxd7 31. Nf6+ Rxf6 32. gxf6 Qxf6 33. Re5 f4 34. Qf3 Kh7 35. Qxb7 Qxh4 36. Ke1 Qf6 37. Rf1 Bb5 38. Rg1 f3 39. Qe7 Qf4 40. Kd1 Rd7 41. Qg5 Qh2 42. Qg3 Be2+ 43. Kd2 Qxg3 44. Rxg3 Rd6 45. Ke3 Rf6 46. c4 Bxc4 47. Rxf3 Rd6 48. a4 f6 49. Rc5 Bd5 50. Rh3 Re6+ 51. Kd2 Rd6 52. Kc3 Be6 53. Rh2 Kh6 54. b4 Bd7 55. b5 axb5 56. axb5 g5 57. Kc4 h4 58. d5 Be8 59. Rc6 Bxc6 60. bxc6 Kg7 61. c7 Ra6 62. c8=Q Ra2 63. Qb7+ Kg6 64. Qb1+ 1-0

[Event "Kragero Resort Chess A 2019"]
[Site "Kragero"]
[Date "2019.02.21"]
[Round "2.30"]
[White "Nilsen, Jarle"]
[Black "Birkisson, Bjorn Holm"]
[Result "0-1"]
[ECO "D35"]
[WhiteElo "1845"]
[BlackElo "2078"]
[Annotator "NA"]
[PlyCount "76"]
[EventDate "2019.02.20"]
[EventType "swiss"]
[EventCountry "NOR"]
[SourceTitle "playchess.com"]
[Source "ChessBase"]
[SourceQuality "1"]
[TimeControl "5400+30"]

1. d4 d5 2. c4 e6 3. Nc3 Be7 4. Nf3 Nf6 5. cxd5 exd5 6. Bg5 c6 7. e3 Bf5 8. Be2 O-O 9. O-O Ne4 10. Bf4 Nd7 11. a3 a5 12. Re1 Re8 13. Bf1 g5 14. Bg3 h5 15. h3 Nxg3 16. fxg3 g4 17. Ne5 Nxe5 18. dxe5 Bc5 19. Bd3 Qg5 20. Bxf5 Qxf5 21. Rf1 Qxe5 22. Kh2 Bd6 23. Ne2 h4 24. Nf4 hxg3+ 25. Kh1 Qg5 26. Qxg4 Qxg4 27. hxg4 Rxe3 28. Nh5 Be5 29. Rab1 d4 30. Rf3 Rd8 31. Rbf1 Rxf3 32. gxf3 d3 33. b3 d2 34. Rd1 a4 35. bxa4 c5 36. f4 c4 37. fxe5 c3 38. Nf6+ Kf8 0-1

[Event "Kragero Resort Chess A 2019"]
[Site "Kragero"]
[Date "2019.02.21"]
[Round "2.31"]
[White "Jonsson, Gauti Pall"]
[Black "Mkrtchyan, Anahit D."]
[Result "1/2-1/2"]
[ECO "A11"]
[WhiteElo "2070"]
[BlackElo "1841"]
[Annotator "NA"]
[PlyCount "128"]
[EventDate "2019.02.20"]
[EventType "swiss"]
[EventCountry "NOR"]
[SourceTitle "playchess.com"]
[Source "ChessBase"]
[SourceQuality "1"]
[TimeControl "5400+30"]

1. Nf3 Nf6 2. e3 d5 3. c4 c6 4. Nc3 e6 5. Qc2 Bd6 6. b3 O-O 7. Bb2 Nbd7 8. Rg1 Qc7 9. g4 Ne5 10. Nxe5 Bxe5 11. f4 Bd6 12. g5 Nd7 13. Bd3 g6 14. Nd1 e5 15. Nf2 Nc5 16. b4 Nxd3+ 17. Nxd3 Bf5 18. c5 Be7 19. Bxe5 Qd7 20. Qc3 Qe6 21. h4 b6 22. Bd4 Rab8 23. Kf2 Be4 24. Rg3 f6 25. gxf6 Bxf6 26. Bxf6 Rxf6 27. Qe5 Rb7 28. Qxe6+ Rxe6 29. Ne5 bxc5 30. d3 Bf5 31. bxc5 Rb5 32. Kf3 Rxc5 33. Rb1 Re7 34. h5 Kg7 35. Rb3 Kf6 36. e4 dxe4+ 37. dxe4 Be6 38. Rd3 Rg7 39. hxg6 hxg6 40. Rg5 Rc1 41. Rd6 Rc3+ 42. Kf2 Ra3 43. Rxc6 Rxa2+ 44. Ke3 Ra3+ 45. Kd4 Ra4+ 46. Nc4 Rd7+ 47. Kc3 Rxc4+ 48. Rxc4 Bxc4 49. Kxc4 Rc7+ 50. Kb5 Re7 51. e5+ Kf7 52. Kc6 a5 53. Rg3 a4 54. Ra3 Ra7 55. Kb6 Ra8 56. Kb7 Ra5 57. Kb6 Ra8 58. Kb5 Ke6 59. Rxa4 Rxa4 60. Kxa4 Kf5 61. Kb5 g5 62. fxg5 Kxe5 63. g6 Kf6 64. g7 Kxg7 1/2-1/2

[Event "Kragero Resort Chess A 2019"]
[Site "Kragero"]
[Date "2019.02.21"]
[Round "3.2"]
[White "Castellanos Rodriguez, Renier"]
[Black "Getz, Nicolai"]
[Result "0-1"]
[ECO "E68"]
[WhiteElo "2505"]
[BlackElo "2398"]
[Annotator "ChessBase"]
[PlyCount "106"]
[EventDate "2019.02.20"]
[EventType "swiss"]
[EventCountry "NOR"]
[SourceTitle "playchess.com"]
[Source "ChessBase"]
[SourceQuality "1"]
[TimeControl "5400+30"]

1. Nf3 Nf6 2. c4 g6 3. g3 Bg7 4. Bg2 O-O 5. O-O d6 6. d4 Nbd7 7. Nc3 e5 8. e4 a6 9. Re1 exd4 10. Nxd4 Re8 11. h3 Ne5 12. b3 Bd7 13. Bf4 Qb8 14. a4 Qa7 15. Be3 c5 16. Nde2 Rad8 17. Nf4 Bc6 18. Qc2 b6 19. Rad1 Qb8 20. Nd3 Nxd3 21. Qxd3 Qb7 22. Bf4 h6 23. g4 Re6 24. Bg3 Rde8 25. Nd5 g5 26. Nxf6+ Bxf6 27. f3 Bd4+ 28. Kh2 b5 29. axb5 axb5 30. Qc2 bxc4 31. bxc4 Qa6 32. Rxd4 cxd4 33. Qd2 Qxc4 34. Rc1 Qa4 35. h4 d5 36. e5 Rxe5 37. Bxe5 Rxe5 38. hxg5 hxg5 39. Rb1 d3 40. Qxd3 Qf4+ 41. Kg1 d4 42. Rd1 Ba4 43. Rb1 Kg7 44. Kf2 Rc5 45. Rb2 Bc2 46. Rxc2 Qe3+ 47. Qxe3 dxe3+ 48. Kxe3 Rxc2 49. Bf1 Kf6 50. Bd3 Rc3 51. Kd4 Ra3 52. Be4 Ke6 53. Bd5+ {[%emt 0:00:08] Ke5+ [%emt 00:01:41]} Kd6 0-1

[Event "Kragero Resort Chess A 2019"]
[Site "Kragero"]
[Date "2019.02.21"]
[Round "3.3"]
[White "Kaasen, Tor Fredrik"]
[Black "Notkevich, Benjamin Arvola"]
[Result "1/2-1/2"]
[ECO "A14"]
[WhiteElo "2387"]
[BlackElo "2498"]
[Annotator "ChessBase"]
[PlyCount "152"]
[EventDate "2019.02.20"]
[EventType "swiss"]
[EventCountry "NOR"]
[SourceTitle "playchess.com"]
[Source "ChessBase"]
[SourceQuality "1"]
[TimeControl "5400+30"]

1. c4 Nf6 2. g3 e6 3. Bg2 d5 4. Nf3 Be7 5. O-O O-O 6. b3 c5 7. e3 Nc6 8. Bb2 b6 9. Nc3 Ba6 10. d3 Rc8 11. Qd2 Qc7 12. Rad1 Rfd8 13. Qc1 h6 14. Rd2 Qb8 15. Rfd1 d4 16. exd4 cxd4 17. Ne4 Nxe4 18. dxe4 e5 19. Ba3 Nb4 20. Qb2 b5 21. Rb1 bxc4 22. bxc4 Qc7 23. Qc1 Qa5 24. Bf1 Rb8 25. Rb3 Nxa2 26. Qb2 Nb4 27. Nxe5 Qxe5 28. Bxb4 Bxb4 29. Rxb4 Rxb4 30. Qxb4 Qxe4 31. Qa5 Rd6 32. Re2 Qc6 33. Bg2 Qxc4 34. Re8+ Kh7 35. h4 Bb5 36. Re5 a6 37. Qa3 Re6 38. Rf5 Bc6 39. Rc5 Qa4 40. Qd3+ Kg8 41. Rc4 Qb5 42. Bxc6 Rxc6 43. Rxd4 Rc1+ 44. Kg2 Qc6+ 45. Qe4 Qxe4+ 46. Rxe4 Rc8 47. Ra4 Ra8 48. Kf3 Kf8 49. Ke4 Ke7 50. Kd5 a5 51. g4 Kf6 52. Rf4+ Kg6 53. Ra4 h5 54. f3 f6 55. Ke4 Kf7 56. gxh5 Ke6 57. Kf4 Ra7 58. Kg4 Ke5 59. f4+ Ke6 60. h6 gxh6 61. Kh5 Kf5 62. Kxh6 Kg4 63. f5+ Kxf5 64. h5 Ra8 65. Ra1 a4 66. Rf1+ Ke5 67. Kg7 f5 68. h6 f4 69. h7 Ke4 70. h8=Q Rxh8 71. Kxh8 f3 72. Ra1 f2 73. Rxa4+ Ke3 74. Ra1 Ke2 75. Ra2+ Ke3 76. Rxf2 Kxf2 1/2-1/2

[Event "Kragero Resort Chess A 2019"]
[Site "Kragero"]
[Date "2019.02.21"]
[Round "3.4"]
[White "Hasangatin, Ramil"]
[Black "Ragnarsson, Dagur"]
[Result "0-1"]
[ECO "A15"]
[WhiteElo "2485"]
[BlackElo "2361"]
[Annotator "ChessBase"]
[PlyCount "86"]
[EventDate "2019.02.20"]
[EventType "swiss"]
[EventCountry "NOR"]
[SourceTitle "playchess.com"]
[Source "ChessBase"]
[SourceQuality "1"]
[TimeControl "5400+30"]

1. Nf3 Nf6 2. c4 g6 3. b4 Bg7 4. Bb2 O-O 5. e3 b6 6. Be2 c5 7. a3 Nc6 8. Qb3 e6 9. d4 d5 10. Nbd2 Rb8 11. O-O dxc4 12. Qxc4 Nd7 13. Qc2 Qe7 14. Rab1 Nd8 15. dxc5 Bxb2 16. Rxb2 bxc5 17. bxc5 Rxb2 18. Qxb2 Nxc5 19. Rc1 Ndb7 20. Ne5 Qf6 21. Ndf3 Nd7 22. Rxc8 Rxc8 23. Qxb7 Rc1+ 24. Bf1 Nxe5 25. Qb8+ Kg7 26. Nxe5 Qf5 27. g4 Qe4 28. Qb2 Rc2 29. Qa1 f6 30. Nd3 Qxg4+ 31. Kh1 Rd2 32. Qd4 Qf3+ 33. Kg1 e5 34. Qxa7+ Kh6 35. Qa5 Qg4+ 36. Kh1 Rd1 37. Ne1 Qe4+ 38. Kg1 Qb1 39. Qa6 Rxe1 40. h3 Qf5 41. Kg2 Qe4+ 42. Kg3 f5 43. Kh2 Qf3 0-1

[Event "Kragero Resort Chess A 2019"]
[Site "Kragero"]
[Date "2019.02.21"]
[Round "3.5"]
[White "Vrolijk, Liam"]
[Black "Miedema, David"]
[Result "1-0"]
[ECO "E17"]
[WhiteElo "2470"]
[BlackElo "2356"]
[Annotator "ChessBase"]
[PlyCount "21"]
[EventDate "2019.02.20"]
[EventType "swiss"]
[EventCountry "NOR"]
[SourceTitle "playchess.com"]
[Source "ChessBase"]
[SourceQuality "1"]
[TimeControl "5400+30"]

1. d4 Nf6 2. c4 e6 3. Nf3 b6 4. g3 Bb7 5. Bg2 Be7 6. O-O O-O 7. Re1 c5 8. d5 Ne4 9. Nfd2 Nxd2 10. Qxd2 Qc7 11. d6 1-0

[Event "Kragero Resort Chess A 2019"]
[Site "Kragero"]
[Date "2019.02.21"]
[Round "3.6"]
[White "Stefansson, Vignir Vatnar"]
[Black "Holm, Kristian Stuvik"]
[Result "1/2-1/2"]
[ECO "A57"]
[WhiteElo "2263"]
[BlackElo "2456"]
[Annotator "ChessBase"]
[PlyCount "93"]
[EventDate "2019.02.20"]
[EventType "swiss"]
[EventCountry "NOR"]
[SourceTitle "playchess.com"]
[Source "ChessBase"]
[SourceQuality "1"]
[TimeControl "5400+30"]

1. d4 Nf6 2. c4 c5 3. d5 b5 4. cxb5 a6 5. Nc3 axb5 6. e4 b4 7. Nb5 d6 8. Bf4 g5 9. Bxg5 Nxe4 10. Bf4 Nf6 11. Bc4 Bg7 12. Ne2 Nbd7 13. b3 Nb6 14. Ng3 O-O 15. O-O Bd7 16. a4 Bxb5 17. Bxb5 Nbxd5 18. Bg5 h6 19. Bh4 Qc8 20. Qd3 Nf4 21. Qf3 Ng6 22. Bxf6 Bxf6 23. Rad1 Ne5 24. Qh5 Qg4 25. Qxh6 Bg7 26. Qh5 Qxh5 27. Nxh5 Bh8 28. Ng3 Ng6 29. Nf5 Bf6 30. g3 d5 31. Rxd5 e6 32. Rxc5 exf5 33. Rxf5 Kg7 34. Rd5 Rfc8 35. f4 Rc2 36. Rfd1 Nf8 37. f5 Ra7 38. Bc4 Ra2 39. h4 Re7 40. R5d2 Rxd2 41. Rxd2 Nd7 42. Kg2 Bc3 43. Rd6 Nf6 44. a5 Ne4 45. Rb6 Nd2 46. a6 Nxc4 47. bxc4 1/2-1/2

[Event "Kragero Resort Chess A 2019"]
[Site "Kragero"]
[Date "2019.02.21"]
[Round "3.8"]
[White "Wedda, Dries"]
[Black "Lie, Kjetil A."]
[Result "0-1"]
[ECO "B14"]
[WhiteElo "2173"]
[BlackElo "2538"]
[Annotator "ChessBase"]
[PlyCount "114"]
[EventDate "2019.02.20"]
[EventType "swiss"]
[EventCountry "NOR"]
[SourceTitle "playchess.com"]
[Source "ChessBase"]
[SourceQuality "1"]
[TimeControl "5400+30"]

1. Nf3 c5 2. c4 Nc6 3. Nc3 g6 4. e3 Nf6 5. d4 cxd4 6. exd4 d5 7. cxd5 Nxd5 8. Bc4 Nb6 9. Bb3 Bg7 10. Be3 O-O 11. h3 Na5 12. Bc2 Nbc4 13. Bc1 Nc6 14. Bb3 N4a5 15. Be3 Nxb3 16. Qxb3 Na5 17. Qd1 Nc4 18. Qe2 Nxe3 19. fxe3 Be6 20. O-O Rc8 21. Rfd1 Qa5 22. Rac1 Bc4 23. Qf2 b5 24. Ne4 Bd5 25. Nc5 f5 26. b3 Qd8 27. h4 Qd6 28. Nd3 Be4 29. Nf4 Bxf3 30. Qxf3 Bh6 31. g3 Bxf4 32. gxf4 Qe6 33. Kf2 Qa6 34. Kg3 Kg7 35. Qd5 b4 36. Qe5+ Kf7 37. h5 Qe2 38. hxg6+ hxg6 39. Qd5+ e6 40. Qf3 Qxf3+ 41. Kxf3 Rh8 42. Rxc8 Rxc8 43. d5 Rc2 44. dxe6+ Kxe6 45. a3 bxa3 46. Rd4 Rb2 47. Ra4 Rxb3 48. Rxa7 Kd5 49. Ra6 Kc4 50. Rxg6 Kc3 51. Ra6 Kb2 52. Rh6 a2 53. Rh1 a1=Q 54. Rxa1 Kxa1 55. Kg3 Rxe3+ 56. Kh4 Ra3 57. Kg5 Ra5 0-1

[Event "Kragero Resort Chess A 2019"]
[Site "Kragero"]
[Date "2019.02.21"]
[Round "3.10"]
[White "Tryggestad, Andreas Garberg"]
[Black "Lund, Gunnar"]
[Result "1/2-1/2"]
[ECO "C41"]
[WhiteElo "2351"]
[BlackElo "2211"]
[Annotator "NA"]
[PlyCount "89"]
[EventDate "2019.02.20"]
[EventType "swiss"]
[EventCountry "NOR"]
[SourceTitle "playchess.com"]
[Source "ChessBase"]
[SourceQuality "1"]
[TimeControl "5400+30"]

1. d4 d6 2. e4 Nf6 3. Nc3 e5 4. Nf3 Nbd7 5. Bc4 Be7 6. O-O O-O 7. Re1 c6 8. a4 a5 9. h3 Qc7 10. Qe2 h6 11. Be3 Re8 12. Rad1 Bf8 13. Ba2 exd4 14. Bxd4 Ne5 15. Qe3 Be6 16. Bxe6 Rxe6 17. Nd2 Ned7 18. Qg3 Rae8 19. f4 Qb8 20. Qd3 d5 21. e5 c5 22. Bf2 d4 23. Nb5 Nd5 24. Bg3 Ne3 25. Rxe3 dxe3 26. Qxe3 Nb6 27. b3 f6 28. Nf3 fxe5 29. fxe5 Rd8 30. Re1 Nd5 31. Qe4 Qc8 32. Qc4 Be7 33. Kh2 Kh8 34. Rd1 Nb6 35. Rxd8+ Bxd8 36. Qc3 Nd5 37. Qd2 Nb4 38. Nd6 Qd7 39. Qf4 Kg8 40. Qc4 b6 41. Nd2 Kh8 42. Qf4 Kg8 43. c3 Nc6 44. N2c4 Bc7 45. Qg4 1/2-1/2

[Event "Kragero Resort Chess A 2019"]
[Site "Kragero"]
[Date "2019.02.21"]
[Round "3.11"]
[White "Gharibyan, Mamikon"]
[Black "Hauge, Lars Oskar"]
[Result "0-1"]
[ECO "A10"]
[WhiteElo "2318"]
[BlackElo "2476"]
[Annotator "RC"]
[PlyCount "76"]
[EventDate "2019.02.20"]
[EventType "swiss"]
[EventCountry "NOR"]
[SourceTitle "playchess.com"]
[Source "ChessBase"]
[SourceQuality "1"]
[TimeControl "5400+30"]

1. Nf3 e6 2. c4 f5 3. g3 Nf6 4. Bg2 d5 5. O-O Bd6 6. Nc3 O-O 7. Qc2 c6 8. d3 Bc7 9. d4 Qe7 10. Ne5 Bxe5 11. dxe5 Ng4 12. cxd5 exd5 13. f4 Qc5+ 14. e3 Nxe3 15. Qf2 d4 16. Bxe3 dxe3 17. Qe2 Be6 18. Rfe1 Na6 19. Rac1 Qb6 20. Na4 Qb4 21. b3 Rfd8 22. Qxe3 Qd2 23. Nc3 Nb4 24. Re2 Qxe3+ 25. Rxe3 Rd2 26. Na4 Nxa2 27. Rce1 b6 28. Ra1 Rad8 29. g4 fxg4 30. f5 Bxf5 31. Bxc6 Nb4 32. Be4 Nc2 33. Bxc2 Rxc2 34. Nc3 Rdd2 35. Nb5 Rg2+ 36. Kf1 Rxh2 37. Kg1 Rhg2+ 38. Kf1 g3 0-1

[Event "Kragero Resort Chess A 2019"]
[Site "Kragero"]
[Date "2019.02.21"]
[Round "3.13"]
[White "Bergsson, Stefan"]
[Black "Thorfinnsson, Bragi"]
[Result "1/2-1/2"]
[ECO "C47"]
[WhiteElo "2172"]
[BlackElo "2438"]
[Annotator "NA"]
[PlyCount "20"]
[EventDate "2019.02.20"]
[EventType "swiss"]
[EventCountry "NOR"]
[SourceTitle "playchess.com"]
[Source "ChessBase"]
[SourceQuality "1"]
[TimeControl "5400+30"]

1. e4 e5 2. Nf3 Nc6 3. Nc3 Nf6 4. d4 exd4 5. Nxd4 Bb4 6. Nxc6 bxc6 7. Bd3 O-O 8. O-O d5 9. exd5 cxd5 10. Bg5 c6 1/2-1/2

[Event "Kragero Resort Chess A 2019"]
[Site "Kragero"]
[Date "2019.02.21"]
[Round "3.14"]
[White "Osmak, Iulija"]
[Black "Kizatbay, Abyl"]
[Result "1-0"]
[ECO "A45"]
[WhiteElo "2394"]
[BlackElo "2084"]
[Annotator "NA"]
[PlyCount "65"]
[EventDate "2019.02.20"]
[EventType "swiss"]
[EventCountry "NOR"]
[SourceTitle "playchess.com"]
[Source "ChessBase"]
[SourceQuality "1"]
[TimeControl "5400+30"]

1. d4 Nf6 2. Bf4 g6 3. Nc3 d5 4. e3 Bg7 5. h4 c6 6. Be2 h5 7. Nf3 Bg4 8. Ne5 Bxe2 9. Qxe2 Nbd7 10. f3 Nxe5 11. Bxe5 Qb6 12. O-O-O O-O-O 13. e4 Rhg8 14. exd5 Bh6+ 15. Kb1 Nxd5 16. Nxd5 Rxd5 17. Bh2 Bg7 18. c3 Bf6 19. Qe4 Rgd8 20. Qf4 a5 21. Ka1 a4 22. Rb1 Rf5 23. Qe4 Qa5 24. g4 hxg4 25. fxg4 Rb5 26. g5 Bh8 27. Qxe7 c5 28. Qxf7 a3 29. Qe6+ Rd7 30. Rhf1 Qd8 31. bxa3 Rxb1+ 32. Kxb1 Qb6+ 33. Qxb6 1-0

[Event "Kragero Resort Chess A 2019"]
[Site "Kragero"]
[Date "2019.02.21"]
[Round "3.15"]
[White "Abdrlauf, Elham"]
[Black "Heimisson, Hilmir Freyr"]
[Result "1-0"]
[ECO "B90"]
[WhiteElo "2105"]
[BlackElo "2394"]
[Annotator "NA"]
[PlyCount "145"]
[EventDate "2019.02.20"]
[EventType "swiss"]
[EventCountry "NOR"]
[SourceTitle "playchess.com"]
[Source "ChessBase"]
[SourceQuality "1"]
[TimeControl "5400+30"]

1. e4 c5 2. Nf3 d6 3. d4 cxd4 4. Nxd4 Nf6 5. Nc3 a6 6. h3 e5 7. Nb3 h5 8. f4 Nbd7 9. Be2 Be7 10. O-O Qc7 11. Nd5 Nxd5 12. exd5 h4 13. c4 Bf6 14. Be3 b6 15. fxe5 Nxe5 16. Nd4 Bd7 17. Rc1 O-O 18. Rxf6 gxf6 19. Qe1 Ng6 20. Qf2 Rfe8 21. Nf3 Rxe3 22. Qxe3 Re8 23. Qf2 Qc5 24. Bf1 f5 25. Rc2 Kg7 26. b4 Qxf2+ 27. Kxf2 Rc8 28. c5 dxc5 29. Bxa6 Ra8 30. Bb7 Ra7 31. bxc5 bxc5 32. Bc6 Nf4 33. Nxh4 Kf6 34. Kg3 Bxc6 35. dxc6 Ne6 36. Rf2 f4+ 37. Kh2 Rc7 38. g3 Rxc6 39. Ng2 Ke5 40. Nxf4 c4 41. Ne2 f5 42. h4 c3 43. Nc1 Nd4 44. a4 Ke4 45. Ra2 Ke3 46. a5 c2 47. a6 Rc8 48. a7 Ra8 49. h5 Kd2 50. Ra1 Kc3 51. Ra6 Kd2 52. Na2 c1=Q 53. Nxc1 Kxc1 54. h6 Kd2 55. h7 Nf3+ 56. Kg2 Ng5 57. h8=Q Rxh8 58. a8=Q Rxa8 59. Rxa8 Ke3 60. Re8+ Kd4 61. Kf2 Kd5 62. Ke3 Ne6 63. Ra8 Ke5 64. Ra5+ Kf6 65. Kf3 Nd4+ 66. Kg2 Kg5 67. Kh3 Kg6 68. Rd5 Ne6 69. Kh4 f4 70. g4 Kf6 71. Ra5 Kg6 72. Rf5 Kg7 73. Kh5 1-0

[Event "Kragero Resort Chess A 2019"]
[Site "Kragero"]
[Date "2019.02.21"]
[Round "3.16"]
[White "Saltvedt, Martin"]
[Black "Mihajlov, Sebastian"]
[Result "0-1"]
[ECO "E61"]
[WhiteElo "2095"]
[BlackElo "2357"]
[Annotator "NA"]
[PlyCount "80"]
[EventDate "2019.02.20"]
[EventType "swiss"]
[EventCountry "NOR"]
[SourceTitle "playchess.com"]
[Source "ChessBase"]
[SourceQuality "1"]
[TimeControl "5400+30"]

1. d4 Nf6 2. Bf4 g6 3. e3 Bg7 4. c4 O-O 5. Nc3 d6 6. Nf3 Nc6 7. Be2 Qe8 8. Nb5 e5 9. dxe5 dxe5 10. Bg3 Qe7 11. O-O Rd8 12. Qb3 Ne4 13. Rfd1 Be6 14. a3 a6 15. Nc3 Na5 16. Qc2 Nxg3 17. hxg3 Nxc4 18. Rxd8+ Rxd8 19. Bxc4 Bxc4 20. Qe4 b5 21. a4 Bd3 22. Qb7 e4 23. axb5 axb5 24. Nd4 Bxd4 25. exd4 e3 26. fxe3 Qxe3+ 27. Kh2 Qxd4 28. Qxc7 b4 29. Ra7 Qf6 30. Nd1 Rd5 31. Ne3 Rh5+ 32. Kg1 Kg7 33. Qd7 Re5 34. Qd4 b3 35. Rb7 Bc2 36. Qa7 Re8 37. Nc4 Re1+ 38. Kh2 Be4 39. Rxb3 Bxg2 40. Kxg2 Qf1+ 0-1

[Event "Kragero Resort Chess A 2019"]
[Site "Kragero"]
[Date "2019.02.21"]
[Round "3.17"]
[White "Birkisson, Bjorn Holm"]
[Black "Doluhanova, Evgeniya"]
[Result "1/2-1/2"]
[ECO "B50"]
[WhiteElo "2078"]
[BlackElo "2348"]
[Annotator "NA"]
[PlyCount "44"]
[EventDate "2019.02.20"]
[EventType "swiss"]
[EventCountry "NOR"]
[SourceTitle "playchess.com"]
[Source "ChessBase"]
[SourceQuality "1"]
[TimeControl "5400+30"]

1. e4 c5 2. Nf3 d6 3. Bd3 Nc6 4. c3 g6 5. O-O Bg7 6. Re1 Nf6 7. Bf1 O-O 8. d4 cxd4 9. cxd4 Bg4 10. Nc3 Bxf3 11. gxf3 Nh5 12. d5 Nb8 13. f4 f5 14. e5 Nd7 15. Be2 dxe5 16. Bxh5 gxh5 17. fxe5 Nxe5 18. Qxh5 Rf6 19. Kh1 Nd3 20. Re2 Nxc1 21. Rxc1 Qd6 22. Qf3 Rd8 1/2-1/2

[Event "Kragero Resort Chess A 2019"]
[Site "Kragero"]
[Date "2019.02.21"]
[Round "3.18"]
[White "Kvaloy, Aksel Bu"]
[Black "Vestby-Ellingsen, Mads"]
[Result "0-1"]
[ECO "A35"]
[WhiteElo "2066"]
[BlackElo "2343"]
[Annotator "NA"]
[PlyCount "86"]
[EventDate "2019.02.20"]
[EventType "swiss"]
[EventCountry "NOR"]
[SourceTitle "playchess.com"]
[Source "ChessBase"]
[SourceQuality "1"]
[TimeControl "5400+30"]

1. c4 c5 2. Nc3 Nc6 3. Nf3 g6 4. e3 d6 5. d4 Bg7 6. d5 Ne5 7. Nxe5 Bxe5 8. Qc2 Bg7 9. Be2 Nf6 10. O-O O-O 11. e4 e6 12. dxe6 fxe6 13. Bg5 a6 14. Rad1 Qc7 15. Qd2 Ne8 16. h4 Qf7 17. h5 gxh5 18. Bh6 Bd7 19. Bxg7 Kxg7 20. Qg5+ Qg6 21. Qh4 Qf6 22. Qxf6+ Kxf6 23. Bxh5 Ke7 24. Bxe8 Raxe8 25. Rd3 Bc6 26. Rfd1 Rd8 27. Rh3 Rf7 28. f3 b5 29. e5 bxc4 30. exd6+ Rxd6 31. Rxd6 Kxd6 32. Kf2 Rb7 33. Nd1 Ba4 34. Rh1 Kc6 35. Nc3 Rxb2+ 36. Kg3 Bc2 37. Kf4 Bd3 38. g4 Rc2 39. Nd1 Rxa2 40. Re1 Ra1 41. Rxe6+ Kd7 42. Re1 c3 43. Ke3 c2 {[%emt 0:00:18] Kd4 [%emt 00:00:16]} 0-1

[Event "Kragero Resort Chess A 2019"]
[Site "Kragero"]
[Date "2019.02.21"]
[Round "3.19"]
[White "Flasen, Aleksander"]
[Black "Hobber, Anders"]
[Result "1/2-1/2"]
[ECO "C10"]
[WhiteElo "2036"]
[BlackElo "2312"]
[Annotator "NA"]
[PlyCount "97"]
[EventDate "2019.02.20"]
[EventType "swiss"]
[EventCountry "NOR"]
[SourceTitle "playchess.com"]
[Source "ChessBase"]
[SourceQuality "1"]
[TimeControl "5400+30"]

1. e4 e6 2. Nf3 d5 3. Nc3 dxe4 4. Nxe4 Nd7 5. d4 Ngf6 6. Nxf6+ Nxf6 7. Bd3 c5 8. c3 cxd4 9. cxd4 Bb4+ 10. Bd2 Bxd2+ 11. Qxd2 O-O 12. O-O b6 13. Ne5 Bb7 14. Kh1 Qd5 15. f3 Rfd8 16. Rfd1 Rac8 17. Qe2 Qd6 18. Rd2 Rc7 19. Re1 Rdc8 20. b3 Rc1 21. Bc4 Rxe1+ 22. Qxe1 Bd5 23. Rd1 Qa3 24. Qe2 h6 25. Kg1 Qd6 26. Qe3 a5 27. Qd3 Qa3 28. Qe2 a4 29. Rb1 axb3 30. Bxb3 Bxb3 31. axb3 Qb4 32. Qd1 Nd5 33. Rb2 Qc3 34. Qd2 Qc7 35. Nd3 Qa7 36. Ra2 Qc7 37. Rb2 Qd6 38. Rc2 Rd8 39. Ne5 Qa3 40. Nc6 Ra8 41. b4 Qb3 42. Rb2 Qc4 43. Rc2 Qb5 44. Qe2 Qa4 45. Qd2 Rc8 46. Qc1 Kh8 47. Rc4 Qa2 48. Ne5 Rxc4 49. Qxc4 1/2-1/2

[Event "Kragero Resort Chess A 2019"]
[Site "Kragero"]
[Date "2019.02.21"]
[Round "3.20"]
[White "Ingebretsen, Jens E"]
[Black "Fossan, Aleksander"]
[Result "0-1"]
[ECO "B07"]
[WhiteElo "2297"]
[BlackElo "2040"]
[Annotator "NA"]
[PlyCount "64"]
[EventDate "2019.02.20"]
[EventType "swiss"]
[EventCountry "NOR"]
[SourceTitle "playchess.com"]
[Source "ChessBase"]
[SourceQuality "1"]
[TimeControl "5400+30"]

1. e4 d6 2. d4 Nf6 3. Bd3 e5 4. Nf3 Nbd7 5. c3 g6 6. O-O Bg7 7. Be3 O-O 8. Nbd2 b6 9. a4 a6 10. b4 Bb7 11. Qc2 Re8 12. d5 c6 13. dxc6 Bxc6 14. Rfd1 d5 15. exd5 Nxd5 16. Bg5 Qc7 17. Ne4 b5 18. axb5 axb5 19. Rxa8 Rxa8 20. Qb3 N5f6 21. Bxf6 Nxf6 22. Nfg5 Nxe4 23. Bxe4 Bxe4 24. Nxe4 Qc6 25. f3 Bh6 26. Rd6 Qc7 27. Rd7 Qb6+ 28. Nc5 Qf6 29. Qd5 Ra1+ 30. Kf2 Qh4+ 31. Ke2 Qe1+ 32. Kd3 Qd1+ {[%emt 0:01:31] Kd4 [%emt 00:00:46]} 0-1